 Dungeon Crawl Stone Soup version 0.28.0 (webtiles) character file.

Game seed: 16090548910043243911

4834 Sanktem7 the Cleaver (level 10, -2/91 HPs)
             Began as a Minotaur Fighter on Feb 12, 2022.
             Was a Follower of Trog.
             Slain by an orc warlord (25 damage)
             ... in a bailey.
             The game lasted 00:20:16 (7976 turns).

Sanktem7 the Cleaver (Minotaur Fighter)             Turns: 7976, Time: 00:20:16

Health: -2/91      AC: 13    Str: 25    XL:     10   Next: 25%
Magic:  9/9        EV: 11    Int:  7    God:    Trog [*.....]
Gold:   1749       SH: 11    Dex: 18    Spells: 9/9 levels left

rFire   . . .      SeeInvis .   a - +2 war axe (chaos)
rCold   + . .      Faith    .   g - +1 kite shield {rC+}
rNeg    . . .      Spirit   .   G - +5 ring mail of Unysass {rElec Dex+2}
rPois   +          Reflect  .   (helmet unavailable)
rElec   +          Harm     .   A - +0 cloak
rCorr   .          Rampage  .   (no gloves)
Will    .....                   (no boots)
Stlth   +.........              (no amulet)
HPRegen 0.25/turn               o - +6 ring of dexterity
MPRegen 0.11/turn               (no ring)

@: no status effects
A: horns 3, retaliatory headbutt, hooves 1, clever 1, poison resistance, noise
suppression
a: Renounce Religion, Berserk


You were in a bailey.
You worshipped Trog.
Trog was aware of your devotion.
You visited 2 branches of the dungeon, and saw 9 of its levels.
You also visited: Ossuary and Bailey.

You collected 1749 gold pieces.

Inventory:

Hand Weapons
 a - a +2 war axe of chaos (weapon)
Missiles
 b - 2 throwing nets
 i - 5 javelins (quivered)
 j - 2 boomerangs of dispersal
Armour
 g - a +1 kite shield of cold resistance (worn)
 A - a +0 cloak (worn)
 G - the +5 ring mail of Unysass (worn) {rElec Dex+2}
   (You found it on level 6 of the Dungeon)

   Dex:       It affects your dexterity (+2).
   rElec:     It insulates you from electricity.
Jewellery
 k - a ring of magical power
 o - a +6 ring of dexterity (left hand)
 y - a ring of protection from cold
 F - a ring of flight
Wands
 c - a wand of polymorph (7)
 h - a wand of flame (7)
 n - a wand of mindburst (9)
 q - a wand of iceblast (12)
Scrolls
 l - a scroll of amnesia
 r - a scroll of summoning
 t - 7 scrolls of teleportation
 u - a scroll of fear
 w - a scroll of blinking
 x - 2 scrolls of magic mapping
 J - a scroll of fog
Potions
 d - a potion of might
 e - a potion of degeneration
 f - 2 potions of berserk rage
 m - 4 potions of flight
 p - 2 potions of curing
 s - 2 potions of brilliance
 v - 4 potions of magic
 z - 3 potions of attraction {unknown}
 B - 2 potions of haste {unknown}
 C - 3 potions of lignification
 D - 2 potions of heal wounds
 E - 4 potions of mutation
 H - a potion of resistance {unknown}
 I - a potion of cancellation {unknown}


   Skills:
 * Level 9.1 Fighting
 * Level 13.3 Axes
 * Level 9.0 Armour
 + Level 3.3 Dodging
 - Level 3.6 Shields


You had 9 spell levels left.
You didn't know any spells.
Your spell library contained the following spells:

 Spells                   Type           Power      Damage    Failure   Level
 Scorch                   Fire           0%         2d5       97%         2
 Conjure Flame            Conj/Fire      0%         6-21      99%         3
 Dazzling Flash           Conj/Hex       0%         N/A       99%         3
 Ignite Poison            Fire/Tmut/Pois 0%         N/A       99%         3
 Ozocubu's Armour         Ice            0%         N/A       99%         3
 Flame Wave               Conj/Fire      0%         2d4       100%        4
 Sticky Flame             Conj/Fire      0%         2d3       100%        4
 Agony                    Necr           0%         N/A       100%        5
 Silence                  Hex/Air        0%         N/A       100%        5
 Summon Cactus Giant      Summ           0%         N/A       100%        6
 Ozocubu's Refrigeration  Ice            0%         4d5       100%        7


Dungeon Overview and Level Annotations

Branches:
Dungeon (8/15)             Temple (1/1) D:7         Ossuary (visited)
 Bailey (1/1)
   Lair: D:8-11

Altars:
Ashenzari
Cheibriados
Elyvilon
Gozag
Kikubaaqudgha
Makhleb
Nemelex Xobeh
Okawaru
Qazlal
Sif Muna
Trog
Yredelemnul
Zin
The Shining One

Shops:
D:4 *


Innate Abilities, Weirdness & Mutations

You have a pair of large horns on your head.
You reflexively headbutt those who attack you in melee.
You have large cloven feet.
Your mind is acute. (Int +2)
Your system is resistant to poisons. (rPois)
You passively dampen the noise of your surroundings.


Message History

You block the orc warrior's attack.
You hit the orc warrior but do no damage.
You headbutt the orc warrior!
The orc warrior is moderately wounded.
The orc warrior barely misses you. You furiously retaliate!
You headbutt the orc warrior, but do no damage.
You barely miss the orc warrior.
The orc warrior is moderately wounded.
The orc warrior hits you with a +0 war axe.
You hit the orc warrior.
The orc warrior is heavily wounded.
The orc warrior hits you with a +0 war axe!
You hit the orc warrior.
The orc warrior is poisoned.
Your kick misses the orc warrior. Your headbutt misses the orc warrior.
The orc warrior is heavily wounded.
The orc warrior hits you with a +0 war axe!
You hit the orc warrior but do no damage.
Lightning courses through the orc warrior!!
You kill the orc warrior!
Trog accepts your kill.
You closely miss the hobgoblin. You kick the hobgoblin.
You headbutt the hobgoblin.
You kill the hobgoblin!
Trog accepts your kill.
You completely miss the orc warlord.
The orc warlord hits you with a +0 war axe!!
* * * LOW HITPOINT WARNING * * *
You completely miss the orc warlord. Your headbutt misses the orc warlord.
You block the orc warlord's attack.
You hit the orc warlord but do no damage.
The orc warlord seems to speed up.
The orc warrior no longer looks unusually strong.
The orc warlord roars a battlecry!
The orc warrior goes into a battle-frenzy!
The orc warlord closely misses you.
You hit the orc warlord but do no damage.
You kick the orc warlord. You headbutt the orc warlord!
The orc warlord is lightly wounded.
The orc warlord hits you with a +0 war axe!!
You die...

### # ###.#+# ##.# #
###.....### #.... ###
##.........## ...... ##..
#..........8##...... #...
#..........8#og..... #...
#∩....⌠....@ooo..... #...
#..........8#g...... #...
#..........8##...... #...
##.........###......
###.. ###.....###.###....
###.###
###.#)#.....###.###.....#
###.).......###........
#...........#.........
#...........#.........


You could see an orc warlord (fast), 2 orc warriors, a gnoll, an orc (strong)
and a hobgoblin.

Vanquished Creatures
  The ghost of honds19 the Grappler, a novice TrCK of Xom (D:7)
  An orc knight (Bailey)
  A wyvern (D:5)
  A yak (D:8)
  An acid dragon (D:8)
  3 water moccasins
  7 orc warriors
  2 ice beasts
  A sky beast (D:5)
  A black bear (D:5)
  2 ogres
  A kobold brigand (D:7)
  2 bullfrogs (D:7)
  A scorpion (D:5)
  9 killer bees
  A water moccasin skeleton (D:5)
  4 wights (D:7)
  3 electric eels (D:7)
  A bullfrog zombie (D:5)
  2 gnoll shamans
  Crazy Yiuf (D:7)
  4 hounds
  2 jellies (D:5)
  A centaur zombie (D:8)
  2 orc priests
  3 iguanas
  A scorpion zombie (D:5)
  An orc wizard (D:6)
  A centaur simulacrum (D:7)
  8 mummies (Ossuary)
  A howler monkey zombie (D:7)
  12 gnolls
  4 adders
  3 shadow imps
  2 howler monkey simulacra (D:7)
  4 dart slugs
  24 orcs
  3 ball pythons
  2 bats
  6 endoplasms
  2 giant cockroaches (D:1)
  18 goblins
  18 hobgoblins
  10 kobolds
  2 quokkas
  7 frilled lizards
  2 hobgoblin zombies (Ossuary)
  2 kobold zombies (Ossuary)
  4 orc zombies (Ossuary)
  5 rats
200 creatures vanquished.

Vanquished Creatures (others)
  2 plants (D:7)
2 creatures vanquished.

Grand Total: 202 creatures vanquished

Notes
Turn   | Place    | Note
-------+----------+-------------------------------------------
     0 | D:1      | Sanktem7 the Minotaur Fighter began the quest for the Orb.
     0 | D:1      | Reached XP level 1. HP: 19/19 MP: 0/0
    99 | D:1      | Reached XP level 2. HP: 27/27 MP: 1/1
   399 | D:1      | Reached skill level 3 in Axes
   667 | D:2      | Reached XP level 3. HP: 33/33 MP: 2/2
  2254 | D:3      | Reached XP level 4. HP: 41/41 MP: 3/3
  2278 | D:3      | Reached skill level 4 in Axes
  2288 | D:3      | You fall into a shaft and drop 1 floor!
  2289 | D:4      | Found Cufibb's General Store.
  2817 | D:5      | Entered Level 5 of the Dungeon
  2817 | D:5      | Noticed a water moccasin
  2827 | D:5      | Killed a water moccasin
  2828 | D:5      | Reached skill level 5 in Axes
  2828 | D:5      | Reached skill level 5 in Armour
  2828 | D:5      | Reached XP level 5. HP: 18/47 MP: 4/4
  3062 | D:5      | Noticed an ogre
  3066 | D:5      | Killed an ogre
  3067 | D:5      | Reached XP level 6. HP: 55/55 MP: 5/5
  3098 | D:5      | Reached skill level 5 in Fighting
  3098 | D:5      | Reached skill level 6 in Axes
  3181 | D:5      | Noticed a wyvern
  3188 | D:5      | Killed a wyvern
  3189 | D:5      | Reached skill level 1 in Dodging
  3189 | D:5      | Reached XP level 7. HP: 17/61 MP: 6/6
  3464 | D:5      | Reached skill level 7 in Axes
  3696 | D:5      | Identified 2 scrolls of acquirement
  3696 | D:5      | Acquired 1070 gold pieces
  3698 | D:5      | Acquired a +0 kite shield of cold resistance
  3924 | D:5      | Reached skill level 8 in Axes
  4030 | D:5      | Reached XP level 8. HP: 70/70 MP: 7/7
  4159 | D:5      | Gained mutation: You sometimes lose the ability to read
                  | scrolls when taking damage. [potion of mutation]
  4159 | D:5      | Gained mutation: You have a pair of large horns on your
                  | head. [potion of mutation]
  4159 | D:5      | Gained mutation: You passively dampen the noise of your
                  | surroundings. [potion of mutation]
  4159 | D:5      | Gained mutation: You have supernaturally acute eyesight.
                  | (SInv) [potion of mutation]
  4436 | D:5      | Found a broken altar of Ashenzari.
  4437 | D:5      | Found a glowing golden altar of the Shining One.
  4469 | D:6      | Found a sand-covered staircase.
  4513 | Ossuary  | Entered an ossuary
  4551 | Ossuary  | Reached skill level 9 in Axes
  5075 | Ossuary  | Lost mutation: You have supernaturally acute eyesight.
                  | (SInv) [potion of mutation]
  5075 | Ossuary  | Lost mutation: You sometimes lose the ability to read
                  | scrolls when taking damage. [potion of mutation]
  5075 | Ossuary  | Gained mutation: Your system is resistant to poisons.
                  | (rPois) [potion of mutation]
  5075 | Ossuary  | Gained mutation: You have hidden genetic potential. [potion
                  | of mutation]
  5236 | D:6      | Identified the +5 ring mail of Unysass {rElec Dex+2}
  5677 | D:6      | Reached skill level 10 in Axes
  5761 | D:7      | Reached XP level 9. HP: 21/79 MP: 8/8
  6128 | D:7      | Found an ancient bone altar of Kikubaaqudgha.
  6220 | D:7      | Gained mutation: You have large cloven feet. [hidden
                  | potential]
  6300 | D:7      | Found a runed translucent door.
  6301 | D:7      | Noticed Crazy Yiuf
  6351 | D:7      | Found a runed translucent gate.
  6351 | D:7      | Found a runed translucent gate.
  6351 | D:7      | Found a runed translucent gate.
  6375 | D:7      | Found a burning altar of Makhleb.
  6385 | D:7      | Reached skill level 11 in Axes
  6408 | D:7      | Found a staircase to the Ecumenical Temple.
  6713 | D:7      | Noticed honds19's ghost (novice TrCK)
  6904 | Temple   | Entered the Ecumenical Temple
  6917 | Temple   | Became a worshipper of Trog the Wrathful
  7007 | D:7      | Killed Crazy Yiuf
  7065 | D:7      | Killed honds19's ghost
  7066 | D:7      | Reached skill level 12 in Axes
  7395 | D:8      | Found a flagged portal.
  7401 | D:8      | Reached XP level 10. HP: 90/90 MP: 9/9
  7409 | Bailey   | Entered a bailey
  7429 | Bailey   | Reached * piety under Trog
  7619 | Bailey   | Noticed an orc knight
  7628 | Bailey   | Killed an orc knight
  7629 | Bailey   | Reached skill level 13 in Axes
  7635 | Bailey   | Gained mutation: Your mind is acute. (Int +2) [hidden
                  | potential]
  7635 | Bailey   | Lost mutation: You have hidden genetic potential. [hidden
                  | potential expressed]
  7957 | Bailey   | Noticed an orc warlord
  7976 | Bailey   | Slain by an orc warlord

Illustrated notes

Levels and vault maps discovered:
D:1:      saegor_arrival_simple_b, layout_loops_ring
D:2:      layout_loops_corners, serial_rivers, chequers_serial_rivers_small_a,
          chequers_serial_rivers_micro_b, chequers_serial_rivers_micro_d,
          chequers_serial_rivers_large_b
D:3:      kennysheep_big_flooded_room, layout_basic, lemuel_round_altar,
          tgw_fedhas, serial_shops, nicolae_diamond_shop
D:4:      layout_rooms, serial_shops, nicolae_lakefront_shop
D:5:      layout_loops_ring, gammafunk_temple_overflow_statue, minmay_bent
D:6:      layout_basic, nicolae_ossuary_entry_ruins, minivault_10,
          feat_on_display
D:7:      layout_cave_pools, bloody_makhleb, old_standard_altar,
          minmay_temple_entry_large_hall, gammafunk_ghost_necromancy,
          serial_bayou_lagoon_b, uniq_crazy_yiuf_cottage
D:8:      minmay_bubble_buster, layout_gridville, lemuel_crystal_altar,
          mainiacjoe_overflow_chevrons, xom_shifter_show, enter_bailey_3
Temple:   nicolae_temple_x_marks_the_god
Bailey:   bailey_axe_minmay_hex_keep, bailey

Skill      XL: |  1  2  3  4  5  6  7  8  9 10 |
---------------+-------------------------------+-----
Fighting       | 4 5 7 8 9 |  9.1
Armour         | 4 5 6 7 8 9 |  9.0
Axes           | 3 5 6 8 10 12 13 | 13.3
Dodging        | 1 2 3 |  3.3
Shields        | |  3.6

Action                   |  1- 3 |  4- 6 |  7- 9 | 10-12 || total
-------------------------+-------+-------+-------+-------++-------
Melee: War axe           |    91 |    36 |   266 |    57 ||   450
       Headbutt          |    12 |     8 |    58 |    12 ||    90
       Kick              |       |       |    24 |    15 ||    39
  Use: Scroll            |       |       |    22 |       ||    22
       Potion            |       |       |     5 |       ||     5
 Stab: Invisible         |       |       |     2 |       ||     2
Armor: Scale mail        |    40 |     7 |    38 |       ||    85
       Ring mail         |       |       |    64 |     8 ||    72
Dodge: Dodged            |    44 |    24 |    85 |    12 ||   165
Block: Buckler           |    18 |     7 |     5 |       ||    30
       Kite shield       |       |       |   121 |    17 ||   138
